 Dungeon Crawl Stone Soup version 0.28-a0-479-g5baa6b73be (webtiles) character file.

Game seed: 15125589286537424493

2407 Sargento the Carver (level 9, -1/81 HPs)
             Began as a Minotaur Berserker on Sept 14, 2021.
             Was a Believer of Trog.
             Slain by a gnoll (5 damage)
             ... on level 7 of the Dungeon on Sept 17, 2021.
             The game lasted 00:31:14 (5594 turns).

Sargento the Carver (Minotaur Berserker)            Turns: 5594, Time: 00:31:18

Health: -1/81      AC:  6    Str: 23    XL:     9   Next: 23%
Magic:  8/8        EV: 10    Int:  4    God:    Trog [**....]
Gold:   287        SH:  6    Dex: 12    Spells: 8/8 levels left

rFire   . . .      SeeInvis .   g - +0 long sword (holy)
rCold   . . .      Faith    .   r - +0 kite shield
rNeg    . . .      Spirit   .   h - +0 ring mail
rPois   .          Reflect  .   (helmet restricted)
rElec   .          Harm     .   (no cloak)
rCorr   .          Rampage  .   (no gloves)
Will    ++...                   (no boots)
Stlth   +.........              (no amulet)
HPRegen 1.23/turn               (no ring)
MPRegen 0.11/turn               (no ring)

@: lethally poisoned (-1 -> -1), strong-willed (expiring), on berserk cooldown,
regenerating (expiring), slowed, very slow
A: horns 2, retaliatory headbutt
a: Renounce Religion, Berserk, Trog's Hand


You were on level 7 of the Dungeon.
You worshipped Trog.
Trog was pleased with you.
You visited 1 branch of the dungeon, and saw 7 of its levels.

You collected 287 gold pieces.


Innate Abilities, Weirdness & Mutations

You have a pair of horns on your head.
You reflexively headbutt those who attack you in melee.


   Skills:
 + Level 8.3 Fighting
 + Level 8.3 Long Blades
 + Level 7.8 Armour
 + Level 7.1 Dodging


You had 8 spell levels left.
You didn't know any spells.
Your spell library was empty.

Inventory:

Hand Weapons
 a - a +0 falchion
 g - a +0 long sword of holy wrath (weapon)
   (You found it on level 1 of the Dungeon)
Armour
 c - a +0 leather armour
   (You found it on level 1 of the Dungeon)
 h - a +0 ring mail (worn)
   (You found it on level 1 of the Dungeon)
 r - a +0 kite shield (worn)
   (You found it on level 5 of the Dungeon)
Wands
 p - a wand of polymorph (12)
   (You found it on level 5 of the Dungeon)
 q - a wand of charming (7)
   (You took it off Ijyb on level 5 of the Dungeon)
Scrolls
 b - a scroll of acquirement {!r, unknown}
 f - a scroll of fear {!r, unknown}
 i - 2 scrolls of noise {!r}
 j - 2 scrolls of magic mapping {!r, unknown}
 m - 2 scrolls of amnesia {!r, unknown}
 n - a scroll of summoning {!r, unknown}
 o - a scroll of identify {!r, unknown}
 t - 2 scrolls of immolation {!r, unknown}
Potions
 d - 3 potions of mutation {unknown}
 e - 2 potions of berserk rage {unknown}
 k - a potion of cancellation {unknown}
 l - a potion of lignification {unknown}
 s - a potion of degeneration {unknown}
 u - a potion of attraction {unknown}
 v - a potion of curing {unknown}

Dungeon Overview and Level Annotations

Branches:
Dungeon (7/15)             Temple (0/1) D:6

Altars:
Ashenzari
Dithmenos
Okawaru
Trog
Xom
Yredelemnul

Annotations:
D:2 Sigmund

................. #
.........@...## .#
..........sg..####...
.....#..#..g........
.....#..##......#..
.........#......### ##
.....##.##...#....#..#
...####.###.###......#
....#....#...#..)....#
............###.....##
...##................# ..## ..
#.......##.........#
...####..###...#..##.....#.....
...##....#.....#..###..).......
#..............##............$.
##..#......##..#..##.........##
....#.............# ....


You could see a scorpion and 2 gnolls.


Message History

Tha orc moves outta view!
An orc comes inta view!
It be wieldin' a +0 mace!
Tha butt shouts!!!
Ye block tha orc's attack!
Butt cut tha orc inta ribbons!
Tha orc be heavily wounded!
Tha orc closely misses ye!
Butt carve tha orc like a ham!!!
Ye annihilate tha orc!!!
An orc comes inta view!
It be wieldin' a +0 mace!
A red film seems ta co'er yer vision as ye go berserk!!!
Ye feel yerself movin' faster!!!
Ye feel mighty!!!
Tha orc shouts!!!
An orc comes inta view!
It be wieldin' a +0 falchion!
Ye feel a strong urge ta attack somethin'!
Thin's tha be 'ere: a +0 hand axe; a +0 leathar armour Ye closely miss tha orc!
Yer headbutt misses tha orc!
Ye block tha orc's attack!
Ye carve tha orc but do nay damage!
Ye headbutt tha orc!
Ye annihilate tha orc!!!
Ye chop tha orc inta pieces!
Tha orc be almost dead!
Ye block tha orc's attack!
Ye chop tha orc inta pieces!!!
Ye annihilate tha orc!!!
Ye completely miss tha orc!
Tha orc barely misses ye!
Ye carve tha orc like a ham!!!
Ye annihilate tha orc!!!
Ye barely miss tha orc!
Yer headbutt misses tha orc!
Tha orc misses ye!
Ye furiously retaliate!!!
Ye headbutt tha orc!!!
Ye annihilate tha butt!!!
Items 'ere: ( )))) [[[!
Okay, than!
Calm down first, please!
Ye start waitin'!
Butt feel a strong urge ta attack somethin'!
Ye be nay longer berserk!
Ye butt 'shausted!
Ye feel yerself butt down!
Huge Dmg: -50%(-40hp) hp: 100%(81hp) Ye start waitin'!
Butt feel butt speed up!
Ye reco'er from yer berserk rage!
Done waitin'!
Thin's tha be 'ere: a +0 shortbow; 19 arrows Done 'splorin'!
Ye see 'ere 27 arrows!
Thar be a stone staircase leadin' down 'ere!
Ye climb downwards!
Found 26 stones!
Thar be a stone staircase leadin' up 'ere!
Found a stone staircase leadin' up!
Found a spear!
Ye now haf 266 gold pieces (gain'd 8)!
Ye now haf 287 gold pieces (gain'd 21)! 3 gnolls come inta view!
Tha gnoll shouts!!!
Ye hear an angry growl!
A black bear comes inta view!
A red film seems ta co'er yer vision as ye go berserk!!!
Ye feel yerself movin' faster!!!
Ye feel mighty!!!
A scorpion comes inta butt!
Ye feel a strong urge ta attack somethin'!
Found 19 gold pieces!
Tha gnoll hits ye wit' a +0 spear!
Damage: -4%(-5hp) hp: 96%(116hp) Ye barely miss tha gnoll!
Yer headbutt misses tha gnoll!
Tha gnoll misses ye!
Ye furiously butt!!!
Ye headbutt tha gnoll!!!
Tha gnoll completely misses ye!
Ye block tha gnoll's attack!
Ye slice tha gnoll like a ripe choko!!!
Ye annihilate tha gnoll!!!
Tha gnoll hits butt from afar wit' a +0 spear!
Ye block tha gnoll's attack!
Damage: -0%(-1hp) hp: 96%(115hp) Tha black bear bites ye but does nay damage!
Tha black bear claws ye but does nay damage!
Ye block tha black bear's attack!
Tha scorpion completely misses ye!
Thin's tha be 'ere: a +0 flail; a gnoll corpse Ye closely miss tha black bear!
Tha gnoll hits ye wit' a +0 spear!
Tha gnoll hits ye but does nay damage!
Tha black bear bites ye but does nay damage!
Tha black bear claws ye but does nay damage! x2
Tha scorpion stin's ye!
Damage: -5%(-5hp) hp: 91%(110hp) Ye carve tha black bear like a ham!!!
Tha black bear butts moderately wounded!
Tha gnoll hits ye wit' a +0 spear!
Tha gnoll butts ye wit' a +0 spear!
Tha black bear bites ye!
Tha black bear barely misses ye!
Tha black butt claws ye!
Tha scorpion barely misses ye!
Damage: -13%(-16hp) hp: 78%(94hp) Ye closely miss tha black butt!
Ye butt tha black bear!!!
Tha black bear be almost dead!
Ye be nay longer berserk!
Ye be 'shausted!
Ye feel yerself slow down!
Tha gnoll closely misses ye!
Ye furiously retaliate!!!
Ye headbutt tha gnoll, but do nay damage!
Tha gnoll closely misses ye!
Tha black bear goes berserk!!!
Ye block tha scorpion's attack!
Huge Dmg: -39%(-31hp) hp: 78%(63hp) Ye block tha gnoll's attack!
Tha gnoll hits ye from afar wit' a +0 spear!
Tha black bear barely misses ye!
Ye furiously retaliate!!!
Ye headbutt tha black bear, but do nay damage!
Ye block tha black bear's attack!
Tha black bear claws ye but does nay damage!
Tha gnoll hits ye from afar wit' a +0 spear!
* * * LOW HITPOINT BUTT * * *
Tha gnoll barely misses ye!
Ye furiously retaliate!!!
Ye headbutt tha gnoll!
Damage: -10%(-8hp) hp: 68%(55hp) Ye chop tha black bear inta pieces!!!
Ye annihilate tha black bear!!!
Tha scorpion closely misses ye!
Ye furiously retaliate!!!
Ye headbutt tha scorpion!
Ye block tha gnoll's attack!
Tha gnoll hits ye wit' a +0 spear!
* * * LOW HITPOINT WARNIN'
* * * Tha scorpion stin's ye!
* * * LOW HITPOINT WARNIN'
* * * Ye block tha gnoll's attack!
Tha gnoll hits ye from afar wit' a +0 spear!
* * * LOW HITPOINT BUTT * * *
Damage: -7%(-6hp) hp: 61%(49hp) Yer shield prevents ye from hittin' tha scorpion!
Yer headbutt misses tha scorpion!
Tha scorpion be butt-ly wounded!
Tha scorpion closely misses ye!
Tha gnoll butts ye but does nay damage!
Ye block tha gnoll's attack!
Ye block tha scorpion's attack!
Ye barely miss tha scorpion!
Tha scorpion be lightly wounded!
Tha scorpion closely misses ye!
Ye furiously retaliate!!!
Ye headbutt tha scorpion, but do nay damage!
Ye block tha gnoll's attack! x2; Tha scorpion barely misses ye!
Ye block tha gnoll's attack!
Tha gnoll barely misses ye!
Tha scorpion barely misses ye!
Yer shield prevents ye from hittin' tha scorpion!
Tha scorpion be lightly wounded!
Tha gnoll hits ye from afar wit' a +0 spear!
* * * LOW HITPOINT WARNIN'
* * * Tha gnoll hits butt but does nay damage!
Tha scorpion barely misses ye!
Tha gnoll barely misses ye!
Ye block tha gnoll's attack!
Tha scorpion stin's ye!
* * * LOW HITPOINT WARNIN'
* * * Damage: -5%(-4hp) hp: 57%(46hp) Butt carve tha scorpion like a ham!!!
Yer headbutt misses tha butt!
Tha scorpion be severely wounded!
Tha gnoll hits ye from afar wit' a +0 spear!
* * * LOW HITPOINT WARNIN'
* * * Tha gnoll hits ye wit' a +0 spear!
* * * LOW HITPOINT WARNIN'
* * * Tha scorpion stin's ye but does nay damage!
Tha gnoll hits ye but does nay damage!
Tha gnoll hits ye from afar wit' a +0 spear!
* * * LOW HITPOINT WARNIN'
* * * Tha scorpion stin's ye!
* * * LOW HITPOINT WARNIN'
* * * Ye be poison'd!
Tha scorpion poisons ye!!!
Huge Dmg: -15%(-12hp) hp: 42%(34hp) Yer skin crawls!
Ye feel strong-willed!
Ye feel very sick!
Tha scorpion stin's ye!!!
* * * LOW HITPOINT WARNIN'
* * * Tha gnoll barely misses ye!
Tha gnoll closely misses ye!
Tha scorpion stin's ye!
* * * LOW HITPOINT WARNIN'
* * * Ye be more poison'd!
Tha scorpion poisons ye!!!
Ye block tha gnoll's attack!
Tha gnoll hits ye from afar wit' a +0 spear!
* * * LOW HITPOINT WARNIN'
* * * Huge Dmg: -13%(-11hp) hp: 29%(23hp) Ye feel very sick!
Ye block tha gnoll's attack!
Tha scorpion stin's ye but does nay damage!
Damage: -5%(-4hp) hp: 24%(19hp) Ye feel very sick!
Tha gnoll closely misses ye!
Tha scorpion stin's ye!
* * * LOW HITPOINT WARNIN'
* * * Ye be more butt!
Tha scorpion poisons ye!!!
Huge Dmg: -5%(-4hp) hp: 19%(15hp) Ye feel tha effects o' Trog's Hand fadin'!
* * * LOW HITPOINT WARNIN'
* * * Ye feel 'stremely sick!
Huge Dmg: -6%(-5hp) hp: 13%(10hp) Ye feel very sick!
Tha scorpion barely misses ye!
Ye block tha gnoll's attack!
Tha gnoll barely misses ye!
Huge Dmg: -4%(-3hp) hp: 9%(7hp) Ye feel very sick!
Tha scorpion misses ye!
Damage: -1%(-1hp) hp: 8%(6hp) Unknown command!
Found a stone staircase leadin' down!
Ye feel very sick!
Tha scorpion stin's ye but does nay damage!
Tha gnoll hits ye from afar wit' a +0 spear!
Ye die!!!

Levels and vault maps discovered:
D:1:      eino_arrival_cavern_a, layout_loops_ring,
          chequers_ecumenical_altar_grove, minmay_misc_feat_tiny
D:2:      layout_basic, uniq_jessica, uniq_sigmund
D:3:      layout_rooms, kennysheep_donut
D:4:      layout_cave_pools, lemuel_tele_altar, trog_wizard,
          mainiacjoe_overflow_alcove_1
D:5:      layout_loops_ring, xom_confusion_cloud, uniq_ijyb, uniq_menkaure
D:6:      layout_basic, nicolae_dithmenos_the_darkroom,
          mainiacjoe_overflow_cross_hatched, minmay_temple_entry_wispy
D:7:      layout_cave_pools, uniq_harold

Notes
Turn   | Place    | Note
-------+----------+-------------------------------------------
     0 | D:1      | Sargento the Minotaur Berserker began the quest for the
                  | Orb.
     0 | D:1      | Reached XP level 1. HP: 19/19 MP: 0/0
   142 | D:1      | Reached XP level 2. HP: 27/27 MP: 1/1
   536 | D:1      | Found a faded altar of an unknown god.
   830 | D:1      | Reached XP level 3. HP: 20/33 MP: 2/2
  1112 | D:2      | Noticed Sigmund
  1535 | D:3      | Reached ** piety under Trog
  1586 | D:3      | Reached XP level 4. HP: 37/40 MP: 3/3
  1738 | D:3      | Noticed a centaur
  1758 | D:3      | Killed a centaur
  1759 | D:3      | Reached XP level 5. HP: 9/47 MP: 4/4
  2009 | D:3      | Upgraded the game from 0.28-a0-461-g2dc4ca5097 to
                  | 0.28-a0-465-ge2dae52223
  2009 | D:3      | Upgraded the game from 0.28-a0-465-ge2dae52223 to
                  | 0.28-a0-479-g5baa6b73be
  2300 | D:3      | Reached skill level 5 in Fighting
  2300 | D:3      | Reached skill level 5 in Long Blades
  2633 | D:4      | Reached XP level 6. HP: 49/56 MP: 5/5
  3071 | D:4      | Found a basalt altar of Yredelemnul.
  3095 | D:4      | Found a bloodstained altar of Trog.
  3098 | D:4      | Found a broken altar of Ashenzari.
  3098 | D:4      | Noticed a wizard
  3104 | D:4      | Killed a wizard
  3373 | D:5      | Entered Level 5 of the Dungeon
  3373 | D:5      | Noticed a two-headed ogre
  3396 | D:5      | Noticed Menkaure
  3402 | D:5      | Killed Menkaure
  3403 | D:5      | Reached skill level 5 in Armour
  3403 | D:5      | Reached XP level 7. HP: 62/62 MP: 6/6
  3558 | D:5      | Killed a two-headed ogre
  3559 | D:5      | Reached skill level 5 in Dodging
  3559 | D:5      | Reached XP level 8. HP: 71/71 MP: 7/7
  3696 | D:5      | Noticed Ijyb
  3705 | D:5      | Killed Ijyb
  3737 | D:5      | Found a shimmering altar of Xom.
  4677 | D:6      | Found an iron altar of Okawaru.
  4751 | D:6      | Found a shadowy altar of Dithmenos.
  4777 | D:6      | Reached XP level 9. HP: 55/81 MP: 8/8
  5109 | D:6      | Found a staircase to the Ecumenical Temple.
  5594 | D:7      | HP: 4/81 [poisoned by a scorpion]
  5594 | D:7      | Slain by a gnoll

Vanquished Creatures
  A two-headed ogre (D:5)
  Menkaure (D:5)
  A necrophage (D:5)
  2 black bears
  2 ogres
  3 centaurs
  A phantom (D:5)
  3 scorpions
  A water moccasin skeleton (D:5)
  A howler monkey (D:3)
  3 centaur zombies
  3 jellies
  A centaur skeleton (D:6)
  A hound (D:5)
  An orc priest (D:5)
  4 bullfrog skeletons
  3 iguanas
  An orc wizard (D:4)
  Ijyb (D:5)
  A hound skeleton (D:4)
  A gnoll (D:7)
  6 adders
  An ufetubus (D:4)
  2 adder skeletons (D:4)
  A dart slug (D:1)
  15 orcs
  7 ball pythons
  6 endoplasms
  3 giant cockroaches
  5 hobgoblins
  2 jackals (D:1)
  5 kobolds
  2 quokkas
  3 bats
  3 frilled lizards
  10 goblins
  4 rats
111 creatures vanquished.

Vanquished Creatures (others)
  A wizard (D:4)
  A black bear (D:5)
  A howler monkey (D:5)
  A jelly (D:5)
  A hound (D:5)
  An iguana (D:5)
  A gnoll (D:5)
7 creatures vanquished.

Grand Total: 118 creatures vanquished

Action                   |  1- 3 |  4- 6 |  7- 9 || total
-------------------------+-------+-------+-------++-------
Melee: Falchion          |    61 |       |       ||    61
       Headbutt          |     7 |    12 |    21 ||    40
       Long sword        |     8 |    86 |    93 ||   187
Invok: Berserk           |       |     2 |     4 ||     6
       Trog's Hand       |       |       |     2 ||     2
  Use: Scroll            |       |     1 |       ||     1
Armor: Leather armour    |     5 |       |       ||     5
       Ring mail         |    17 |    32 |    42 ||    91
Dodge: Dodged            |    39 |    63 |    72 ||   174
Block: Kite shield       |       |       |    33 ||    33
